 Dungeon Crawl Stone Soup version 0.28.0-47-ge53b351184 (webtiles) character file.

Game seed: 3014883958008714016

162 H0rd4k the Magician (level 5, -1/28 HPs)
             Began as a Deep Elf Hedge Wizard on May 2, 2022.
             Slain by Ijyb
             ... wielding a +0 club
              (4 damage)
             ... on level 3 of the Dungeon.
             The game lasted 00:04:37 (3452 turns).

H0rd4k the Magician (Deep Elf Hedge Wizard)         Turns: 3452, Time: 00:04:38

Health: -1/28      AC:  2    Str:  7    XL:     5   Next: 19%
Magic:  13/15      EV: 13    Int: 21    God:
Gold:   102        SH:  0    Dex: 14    Spells: 7/16 levels left

rFire   . . .      SeeInvis .   l - staff of air
rCold   . . .      Faith    +   (no shield)
rNeg    . . .      Spirit   .   b - +0 robe
rPois   +          Reflect  .   c - +0 hat
rElec   +          Harm     .   (no cloak)
rCorr   .          Rampage  .   (no gloves)
Will    .....                   (no boots)
Stlth   +.........              k - amulet of faith
HPRegen 0.09/turn               m - ring of poison resistance
MPRegen 0.14/turn               (no ring)

@: confused
A: no striking features
a: no special abilities


You were on level 3 of the Dungeon.
You visited 1 branch of the dungeon, and saw 4 of its levels.

You collected 102 gold pieces.

Inventory:

Hand Weapons
 a - a +0 dagger
Armour
 b - a +0 robe (worn)
 c - a +0 hat (worn)
Magical Staves
 l - a staff of air (weapon)
Jewellery
 k - an amulet of faith (around neck)
 m - a ring of poison resistance (left hand)
Wands
 q - a wand of polymorph (4)
Scrolls
 d - 2 scrolls of identify {unknown}
 e - a scroll of amnesia {unknown}
 f - 3 scrolls of teleportation {unknown}
 p - a scroll of brand weapon {unknown}
Potions
 g - 2 potions of curing {unknown}
 h - a potion of resistance {unknown}
 i - 2 potions of flight {unknown}
 j - a potion of heal wounds {unknown}
 n - a potion of attraction {unknown}
 o - a potion of brilliance {unknown}


   Skills:
 + Level 0.1 Fighting
 + Level 3.0 Dodging
 - Level 2.4 Stealth
 + Level 6.4 Spellcasting
 + Level 2.4 Conjurations
 + Level 1.1 Summonings
 + Level 1.1 Translocations
 * Level 1.3 Fire Magic
 * Level 1.1 Air Magic
 * Level 0.5 Poison Magic


You had 7 spell levels left.
You knew the following spells:

 Your Spells              Type           Power      Damage    Failure   Level
a - Magic Dart            Conj           68%        1d6       3%          1
b - Blink                 Tloc           22%        N/A       9%          2
c - Conjure Flame         Conj/Fire      14%        6-21      13%         3
d - Mephitic Cloud        Conj/Pois/Air  18%        N/A       16%         3

Your spell library contained the following spells:

 Spells                   Type           Power      Damage    Failure   Level
 Call Imp                 Summ           11%        N/A       9%          2
 Slow                     Hex            24%        N/A       10%         1
 Ignite Poison            Fire/Tmut/Pois 9%         N/A       22%         3
 Freezing Cloud           Conj/Ice/Air   8%         6-21      85%         5


Dungeon Overview and Level Annotations

Branches:
Dungeon (4/15)
 Temple: D:4-7

Altars:

Annotations:
D:3 Ijyb


Message History

Ijyb zaps a wand.
Your will is overpowered!
You are confused.
Ijyb hits you with a +0 club. The hound closely misses you.
Ijyb zaps a wand.
Your will is overpowered!
You are more confused.
The jackal bites you. The hound bites you.
You feel stable enough to blink again.
Ijyb zaps a wand.
Your will is overpowered!
You are more confused.
You hit Ijyb.
Ijyb is lightly wounded.
The hound closely misses you. Ijyb barely misses you.
The hound pauses to sniff the ground.
The hound barely misses you.
Ijyb zaps a wand.
You resist with some effort.
You are too confused!
You're too confused to cast spells.
The jackal closely misses you. The jackal bites you.
The hound closely misses you.
You're too confused to move!
The hound misses you. The jackal barely misses you.
The hound bites you but does no damage. The jackal bites you.
You miss the jackal. The hound misses you. The jackal completely misses you.
The hound barely misses you. Ijyb hits you with a +0 club.
* * * LOW HITPOINT WARNING * * *
You hit the hound.
The hound is moderately wounded.
The hound completely misses you.
Ijyb zaps a wand.
Your will is overpowered!
You are more confused.
You bump into the rock wall.
The hound barely misses you. Ijyb hits you with a +0 club.
* * * LOW HITPOINT WARNING * * *
The hound bites you but does no damage.
The jackal bites you but does no damage.
You barely miss the hound.
The hound is moderately wounded.
The hound misses you.
The jackal bites you but does no damage.
Ijyb hits you with a +0 club.
You die...

... #.# ###.## #.##
#....####..##
##......#...#######
##.....#)......>...#
#..................#
#..................####
#....hhg..............#
##...$@##.(.....>......
#...................#..
#.......#...........###
#............#..#.....#
##......#...........#..
##...#.##...#.........
#####.##.#...........
#.##.#......#.#..
#..#.............


You could see Ijyb, a hound and a jackal.

Vanquished Creatures
  Natasha (thrice) (D:3)
  2 adders (D:2)
  2 dart slugs
  4 orcs
  4 ball pythons
  8 endoplasms
  2 giant cockroaches
  A goblin (D:4)
  6 hobgoblins
  3 jackals (D:2)
  6 kobolds
  3 quokkas
  8 bats
  2 frilled lizards
  6 rats
60 creatures vanquished.

Notes
Turn   | Place    | Note
-------+----------+-------------------------------------------
     0 | D:1      | H0rd4k the Deep Elf Hedge Wizard began the quest for the
                  | Orb.
     0 | D:1      | Reached XP level 1. HP: 10/10 MP: 7/7
   298 | D:2      | Reached skill level 5 in Spellcasting
   502 | D:2      | Reached XP level 2. HP: 12/15 MP: 7/10
   574 | D:2      | Found a faded altar of an unknown god.
  1044 | D:2      | Reached XP level 3. HP: 19/19 MP: 7/12
  1047 | D:2      | Learned a level 2 spell: Blink
  1051 | D:2      | Learned a level 3 spell: Conjure Flame
  1055 | D:2      | Learned a level 3 spell: Mephitic Cloud
  2412 | D:3      | Reached XP level 4. HP: 24/24 MP: 6/13
  2811 | D:3      | Reached skill level 6 in Spellcasting
  3131 | D:3      | Noticed Natasha
  3142 | D:3      | Killed Natasha
  3201 | D:3      | Noticed Natasha
  3236 | D:3      | Killed Natasha
  3237 | D:3      | Reached skill level 1 in Fire Magic
  3237 | D:3      | Reached skill level 1 in Air Magic
  3281 | D:3      | Noticed Natasha
  3343 | D:3      | Killed Natasha
  3344 | D:3      | Reached XP level 5. HP: 28/28 MP: 10/15
  3397 | D:3      | Noticed Ijyb
  3410 | D:4      | Noticed a necrophage
  3452 | D:3      | Slain by Ijyb

Illustrated notes

Levels and vault maps discovered:
D:1:      minmay_arrival_radiant_lines, layout_basic, minmay_tetromino_t2
D:2:      layout_basic, hellmonk_ecumenical_altar_dog_temple
D:3:      layout_rooms, chequers_serial_rivers_large_a, uniq_ijyb, uniq_natasha
D:4:      layout_rooms, minmay_temple_entry_glass, uniq_duvessa

Skill      XL: |  1  2  3  4 |
---------------+-------------+-----
Spellcasting   | 5 6 |  6.4
Dodging        | 3 |  3.0
Conjurations   | 2 |  2.4
Fire Magic     | 1 |  1.3
Air Magic      | 1 |  1.1
Fighting       | |  0.1
Stealth        | |  2.4
Summonings     | |  1.1
Translocations | |  1.1
Poison Magic   | |  0.5

Action                   |  1- 3 |  4- 6 || total
-------------------------+-------+-------++-------
Melee: Dagger            |    22 |       ||    22
       Punch             |     1 |       ||     1
       Unarmed           |       |     5 ||     5
       Staff             |       |     4 ||     4
 Cast: Magic Dart        |   114 |    58 ||   172
       Blink             |       |     4 ||     4
       Conjure Flame     |       |     1 ||     1
Armor: Robe              |    17 |     8 ||    25
Dodge: Dodged            |    56 |    35 ||    91
